 Dungeon Crawl Stone Soup version 0.27.0-1-g7a089689b8 (webtiles) character file.

Game seed: 12538571222696073509

265 solopath the Digger (level 6, -1/39 (41) HPs)
             Began as a Formicid Earth Elementalist on Aug 6, 2021.
             Slain by a hobgoblin (4 damage)
             ... on level 3 of the Dungeon.
             The game lasted 00:08:20 (4292 turns).

solopath the Digger (Formicid Earth Elementalist)   Turns: 4292, Time: 00:08:20

HP:   -1/39 (41)    AC:  4    Str: 12    XL:     6   Next: 44%
MP:   6/9           EV: 12    Int: 17    God:
Gold: 134           SH:  0    Dex: 11    Spells: 2/9 levels left

rFire    . . .     SeeInvis +   l - +1 mace (vorpal)
rCold    . . .     Faith    .   (no shield)
rNeg     + . .     Spirit   .   j - +2 robe {rN+}
rPois    .         Reflect  .   (helmet unavailable)
rElec    .         Harm     .   (no cloak)
rCorr    .         Rampage  .   (no gloves)
Will     +....                  (no boots)
Stlth    ++........             (no amulet)
HPRegen  0.13/turn              q - ring of willpower
MPRegen  0.11/turn              (no ring)

@: brilliant, lightly drained
A: permanent stasis, dig shafts and tunnels, antennae 3, four strong arms
a: Dig, Shaft Self


You were on level 3 of the Dungeon.
You visited 1 branch of the dungeon, and saw 4 of its levels.

You collected 137 gold pieces.
You donated 3 gold pieces to Zin.

Inventory:

Hand Weapons
 d - a +0 dagger
 l - a +1 vorpal mace (weapon)
Missiles
 c - 84 stones
 m - 2 throwing nets
Armour
 j - a +2 robe of positive energy (worn)
Jewellery
 q - a ring of willpower (left hand)
Scrolls
 a - 3 scrolls of enchant armour {unknown}
 f - a scroll of blinking {unknown}
 h - 2 scrolls of magic mapping {unknown}
 i - 2 scrolls of noise {unknown}
 k - 2 scrolls of identify {unknown}
 n - a scroll of enchant weapon {unknown}
Potions
 e - a potion of mutation {unknown}
 g - a potion of lignification {unknown}
 o - a potion of heal wounds {unknown}
 p - 3 potions of curing {unknown}


   Skills:
 + Level 0.8 Armour
 - Level 1.7 Dodging
 + Level 4.4 Stealth
 + Level 2.4 Spellcasting
 - Level 3.0 Transmutations
 * Level 6.2 Earth Magic


You had 2 spell levels left.
You knew the following spells:

 Your Spells              Type           Power      Damage    Failure   Level
a - Sandblast             Erth           70%        2d15      1%          1
b - Passwall              Tmut/Erth      21%        N/A       4%          2
c - Petrify               Tmut/Erth      26%        N/A       26%         4

Your spell library contained the following spells:

 Spells                   Type           Power      Damage    Failure   Level
 Wereblood                Tmut           18%        N/A       9%          2
 Sublimation of Blood     Necr           1%         N/A       28%         2
 Stone Arrow              Conj/Erth      38%        3d9       16%         3
 Leda's Liquefaction      Hex/Erth       9%         N/A       45%         4
 Bolt of Magma            Conj/Fire/Erth 6%         4d6       91%         5
 Statue Form              Tmut/Erth      17%        N/A       99%         6
 Summon Hydra             Summ           1%         N/A       100%        7


Dungeon Overview and Level Annotations

Branches:
Dungeon (4/15)
 Temple: D:4-7

Altars:
Fedhas
Sif Muna
Zin


Innate Abilities, Weirdness & Mutations

You cannot be hasted, slowed, berserked, paralysed or teleported.
You can dig through walls and to a lower floor.
You have a pair of large antennae on your head. (SInv)
Your four strong arms can wield two-handed weapons with a shield.


Message History

The orc closely misses you. The necrophage hits you. You partially resist.
You feel drained. The orc closely misses you.
The orc wizard shouts!
The necrophage hits you. You partially resist.
You feel drained.
There is a stone staircase leading up here.
The orc hits you but does no damage. The necrophage hits you.
The hobgoblin closely misses you.
You climb upwards.
There is a stone staircase leading down here.
Unknown command.
Aiming: Sandblast (safe; 1% risk of failure)
Press: ? - help, Q - select action, (/) - cycle Shift-Dir - straight line, f - orc
Aim: an orc, wielding a +0 flail and wearing a +0 leather armour (81% to hit)
The blast of sand misses the orc.
The orc hits you with a +0 flail. The necrophage misses you.
The hobgoblin hits you.
* * * LOW HITPOINT WARNING * * *
Aiming: Sandblast (safe; 1% risk of failure)
Press: ? - help, Q - select action, (/) - cycle Shift-Dir - straight line, f/p - orc
Aim: an orc, wielding a +0 flail and wearing a +0 leather armour (81% to hit)
The blast of sand hits the orc.
The orc is lightly wounded.
The orc hits you with a +0 flail.
* * * LOW HITPOINT WARNING * * *
The necrophage closely misses you. The hobgoblin misses you.
It was a potion of brilliance.
You feel clever all of a sudden. The orc hits you with a +0 flail.
* * * LOW HITPOINT WARNING * * *
The necrophage hits you but does no damage.
The hobgoblin barely misses you.
Okay, then.
Aiming: Sandblast (safe; 1% risk of failure)
Press: ? - help, Q - select action, (/) - cycle Shift-Dir - straight line, f/p - orc
Aim: an orc, wielding a +0 flail and wearing a +0 leather armour (lightly wounded, 82% to hit)
You feel a surge of power!
The blast of sand misses the orc.
The orc hits you with a +0 flail.
* * * LOW HITPOINT WARNING * * *
The necrophage closely misses you. The hobgoblin hits you.
You die...

.'......#.....#.#.#
#.###.###.# #
##.....########.#.#
#...'.'...# # ......## #...#
#####.##### #
####.##########...# #.# #
#.........####.#######'#######
#....#.##.# #...........(....
#.#..#.##.# #..##############
#.#.....#.####g##
#.##.#......o@n#
#.##.#.##.###### #.........#
###########


You could see a necrophage, an orc and a hobgoblin.

Vanquished Creatures
  An orc priest (D:4)
  Jessica (D:2)
  3 orc wizards
  Robin (D:2)
  2 adders (D:3)
  3 gnolls (D:3)
  A worm (D:2)
  5 orcs
  6 ball pythons
  4 endoplasms
  2 giant cockroaches
  11 goblins
  7 hobgoblins
  7 jackals
  4 quokkas
  3 bats
  2 frilled lizards
  2 kobolds
  6 rats
71 creatures vanquished.

Notes
Turn   | Place    | Note
-------+----------+-------------------------------------------
     0 | D:1      | solopath the Formicid Earth Elementalist began the quest
                  | for the Orb.
     0 | D:1      | Reached XP level 1. HP: 13/13 MP: 3/3
   299 | D:1      | Reached XP level 2. HP: 18/19 MP: 3/5
   310 | D:1      | Reached skill level 4 in Earth Magic
  1190 | D:1      | Found a faded altar of an unknown god.
  1197 | D:1      | Became a worshipper of Zin the Law-Giver
  1197 | D:1      | Reached * piety under Zin
  1200 | D:1      | Fell from the grace of Zin
  1404 | D:2      | Noticed Robin
  1432 | D:2      | Reached XP level 3. HP: 23/24 MP: 6/6
  1442 | D:2      | Killed Robin
  1671 | D:2      | Learned a level 2 spell: Passwall
  2078 | D:2      | Reached XP level 4. HP: 30/30 MP: 7/7
  2207 | D:2      | Noticed Jessica
  2211 | D:2      | Killed Jessica
  2212 | D:2      | Reached skill level 5 in Earth Magic
  2506 | D:3      | Reached XP level 5. HP: 25/35 MP: 6/8
  2674 | D:3      | Found a shimmering blue altar of Sif Muna.
  3354 | D:3      | Found a blossoming altar of Fedhas.
  3509 | D:3      | Learned a level 4 spell: Petrify
  3519 | D:3      | Reached XP level 6. HP: 36/41 MP: 7/9
  3701 | D:3      | Reached skill level 6 in Earth Magic
  4282 | D:4      | Noticed a necrophage
  4292 | D:3      | Slain by a hobgoblin

Illustrated notes

Levels and vault maps discovered:
D:1:      minmay_arrival_hallway, layout_basic,
          dilly_ecumenical_altar_fadedgnrine
D:2:      layout_basic, uniq_jessica, uniq_robin
D:3:      layout_loops_cross, overflow_temple_1_default,
          mainiacjoe_overflow_six_doors_small, chequers_serial_rivers_micro_b,
          minmay_door_square
D:4:      layout_basic, lemuel_round_altar, okawaru_gym_becter,
          nicolae_overflow_hidden_temple, kennysheep_mini_moat

Skill      XL: |  1  2  3  4  5  6 |
---------------+-------------------+-----
Earth Magic    | 4 5 6 |  6.2
Stealth        | 3 4 |  4.4
Transmutations | 2 3 |  3.0
Armour         | |  0.8
Dodging        | |  1.7
Spellcasting   | |  2.4

Action                   |  1- 3 |  4- 6 || total
-------------------------+-------+-------++-------
Melee: Dagger            |   109 |    21 ||   130
       Mace              |       |   103 ||   103
 Cast: Sandblast         |    26 |    21 ||    47
Invok: Renounce Religion |     1 |       ||     1
  Use: Potion            |       |     1 ||     1
 Stab: Sleeping          |       |     5 ||     5
Armor: Robe              |    30 |    32 ||    62
Dodge: Dodged            |    86 |   106 ||   192
